| TOP OF THE 1ST |
|
Detroit Tigers batting - Pitching for Toronto Blue Jays : RHP Matt Altieri
|
|
Pitching: RHP Matt Altieri
|
|
|
Batting: LHB Morgan Black
|
0-0: Ball 1-0: SINGLE (Line Drive, 78M, EV 93.8 MPH)
|
|
Batting: LHB Jordan Villa
|
0-0: Called Strike 0-1: Ball 1-1: Foul Ball, location: 2F 1-2: Fly out, F7 (Flyball, 7S, EV 77.5 MPH)
|
|
Batting: RHB Randy Shrewsbury
|
0-0: Fielders Choice at 2nd, 5-4 (Groundball, 5L, EV 81.9 MPH)
|
|
Batting: LHB Tyler Davis
|
0-0: Called Strike 0-1: Ball 1-1: Called Strike 1-2: 2-RUN HOME RUN (Flyball, 89XD, EV 102.5 MPH), Distance : 414 ft
|
|
Batting: RHB Ryan Neal
|
0-0: Called Strike 0-1: Foul Ball, location: 2F 0-2: Foul Ball, location: 2F 0-2: Foul Ball, location: 2F 0-2: Strikes out swinging
|
| Top of the 1st over - 2 runs, 2 hits, 0 errors, 0 left on base; Detroit 2 - Toronto 0 |
| BOTTOM OF THE 1ST |
|
Toronto Blue Jays batting - Pitching for Detroit Tigers : LHP Momosuke Sato
|
|
Pitching: LHP Momosuke Sato
|
|
|
Batting: LHB Jon Schick
|
0-0: Called Strike 0-1: Ball 1-1: Called Strike 1-2: Strikes out swinging
|
|
Batting: SHB Dylan Novakowski
|
0-0: Called Strike 0-1: Swinging Strike 0-2: Ball 1-2: Foul Ball, location: 2F 1-2: Foul Ball, location: 2F 1-2: Strikes out swinging
|
|
Batting: RHB Ruben Velasco
|
0-0: Ball 1-0: Called Strike 1-1: Foul Ball, location: 2F 1-2: Ball 2-2: Strikes out swinging
|
| Bottom of the 1st over - 0 runs, 0 hits, 0 errors, 0 left on base; Detroit 2 - Toronto 0 |
| TOP OF THE 2ND |
|
Detroit Tigers batting - Pitching for Toronto Blue Jays : RHP Matt Altieri
|
|
Batting: RHB Victor Quinones
|
0-0: Called Strike 0-1: Hit by Pitch
|
|
Batting: LHB Emmanuel Gaskin
|
0-0: Ball 1-0: Called Strike 1-1: Ball 2-1: Swinging Strike 2-2: Fielders Choice at 2nd, 4-6 (Groundball, 4, EV 86.3 MPH)
|
|
Batting: RHB Chris Wheatley
|
0-0: Ball 1-0: Ball 2-0: Ball 3-0: Called Strike Pickoff Throw by Catcher to First - Out! 3-1: Called Strike 3-2: Foul Ball, location: 2F 3-2: SOLO HOME RUN (Flyball, 9LD, EV 91.3 MPH), Distance : 340 ft
|
|
Batting: RHB Danny Eberhart
|
0-0: Ball 1-0: Ground out 4-3 (Groundball, 4S, EV 84.4 MPH)
|
| Top of the 2nd over - 1 run, 1 hit, 0 errors, 0 left on base; Detroit 3 - Toronto 0 |
| BOTTOM OF THE 2ND |
|
Toronto Blue Jays batting - Pitching for Detroit Tigers : LHP Momosuke Sato
|
|
Batting: RHB Tommy Mize
|
0-0: Ball 1-0: Called Strike 1-1: Foul Ball, location: 2F 1-2: Foul Ball, location: 2F 1-2: Ball 2-2: Foul Ball, location: 2F 2-2: Foul Ball, location: 2F 2-2: SINGLE (Groundball, 6MD, EV 95.0 MPH)
|
|
Batting: SHB Zory Larikov
|
0-0: Grounds into double play, 5-4-3 (Groundball, 56, EV 98.8 MPH)
|
|
Batting: RHB Kirk Arp
|
0-0: Hit by Pitch
|
|
Batting: LHB Isto Mäyrä
|
0-0: Ball 1-0: Ball 2-0: Foul Ball, location: 2F 2-1: 2-RUN HOME RUN (Flyball, 9D, EV 96.3 MPH), Distance : 365 ft
|
|
Batting: RHB Cole Zelinski
|
0-0: Ball 1-0: Called Strike 1-1: Ball 2-1: Foul Ball, location: 2F 2-2: Foul Ball, location: 2F 2-2: Strikes out swinging
|
| Bottom of the 2nd over - 2 runs, 2 hits, 0 errors, 0 left on base; Detroit 3 - Toronto 2 |
| TOP OF THE 3RD |
|
Detroit Tigers batting - Pitching for Toronto Blue Jays : RHP Matt Altieri
|
|
Batting: LHB Morgan Black
|
0-0: Foul Ball, location: 2F 0-1: Swinging Strike 0-2: Ball 1-2: Strikes out swinging
|
|
Batting: LHB Jordan Villa
|
0-0: Called Strike 0-1: Foul Ball, location: 2F 0-2: Strikes out swinging
|
|
Batting: RHB Randy Shrewsbury
|
0-0: Called Strike 0-1: Ball 1-1: Foul Ball, location: 2F 1-2: Ball 2-2: Strikes out swinging
|
| Top of the 3rd over - 0 runs, 0 hits, 0 errors, 0 left on base; Detroit 3 - Toronto 2 |
| BOTTOM OF THE 3RD |
|
Toronto Blue Jays batting - Pitching for Detroit Tigers : LHP Momosuke Sato
|
|
Batting: LHB Gabe White
|
0-0: Called Strike 0-1: Ball 1-1: Swinging Strike 1-2: Fly out, F8 (Flyball, 8RS, EV 88.8 MPH)
|
|
Batting: LHB Jon Schick
|
0-0: Foul Ball, location: 2F 0-1: Foul Ball, location: 2F 0-2: Ball 1-2: Foul Ball, location: 2F 1-2: SINGLE (Groundball, 6S, EV 73.1 MPH) (infield hit)
|
|
Batting: SHB Dylan Novakowski
|
0-0: Ball 1-0: Foul Ball, location: 2F 1-1: Ball Jon Schick steals 2nd base 2-1: Ball 3-1: Swinging Strike 3-2: Strikes out swinging
|
|
Batting: RHB Ruben Velasco
|
0-0: Ball 1-0: Ball 2-0: Ball 3-0: Base on Balls
|
|
Batting: RHB Tommy Mize
|
0-0: Ball 1-0: Called Strike 1-1: Foul Ball, location: 2F 1-2: Ball 2-2: Strikes out swinging
|
| Bottom of the 3rd over - 0 runs, 1 hit, 0 errors, 2 left on base; Detroit 3 - Toronto 2 |
| TOP OF THE 4TH |
|
Detroit Tigers batting - Pitching for Toronto Blue Jays : RHP Matt Altieri
|
|
Batting: LHB Tyler Davis
|
0-0: Foul Ball, location: 2F 0-1: Foul Ball, location: 2F 0-2: SINGLE (Groundball, 3D, EV 98.1 MPH)
|
|
Batting: RHB Ryan Neal
|
0-0: Called Strike 0-1: Ball 1-1: Foul Ball, location: 2F 1-2: Ground out 4-3 (Groundball, 13, EV 91.3 MPH) Tyler Davis to second
|
|
Batting: RHB Victor Quinones
|
0-0: Foul Ball, location: 2F 0-1: Foul Ball, location: 2F 0-2: Ball 1-2: Strikes out swinging
|
|
Batting: LHB Emmanuel Gaskin
|
0-0: Ball 1-0: Ball 2-0: Called Strike 2-1: Ball 3-1: Called Strike 3-2: Ground out 4-3 (Groundball, 34D, EV 110.0 MPH)
|
| Top of the 4th over - 0 runs, 1 hit, 0 errors, 1 left on base; Detroit 3 - Toronto 2 |
| BOTTOM OF THE 4TH |
|
Toronto Blue Jays batting - Pitching for Detroit Tigers : LHP Momosuke Sato
|
|
Batting: SHB Zory Larikov
|
0-0: Ball 1-0: Called Strike 1-1: Ball 2-1: Foul Ball, location: 2F 2-2: Foul Ball, location: 2F 2-2: Foul Ball, location: 2F 2-2: Strikes out swinging
|
|
Batting: RHB Kirk Arp
|
0-0: Ball 1-0: Ball 2-0: Ball 3-0: Called Strike 3-1: Base on Balls
|
|
Batting: LHB Isto Mäyrä
|
0-0: Ball 1-0: Foul Ball, location: 2F 1-1: Ball 2-1: DOUBLE (Line Drive, 78XD, EV 106.3 MPH) Kirk Arp to third
|
|
Batting: RHB Cole Zelinski
|
0-0: Swinging Strike 0-1: Ball 1-1: Ball 2-1: Ball 3-1: Swinging Strike 3-2: Base on Balls
|
|
Batting: LHB Gabe White
|
0-0: Swinging Strike 0-1: Fly out, F9 (Flyball, 9S, EV 83.1 MPH)
|
|
Batting: LHB Jon Schick
|
0-0: Ball 1-0: Called Strike 1-1: Called Strike 1-2: SINGLE (Line Drive, 56, EV 105.0 MPH) Kirk Arp scores Isto Mäyrä to third Cole Zelinski to second
|
|
Batting: SHB Dylan Novakowski
|
0-0: Swinging Strike 0-1: Ball 1-1: Called Strike 1-2: Ball 2-2: Strikes out swinging
|
| Bottom of the 4th over - 1 run, 2 hits, 0 errors, 3 left on base; Detroit 3 - Toronto 3 |
| TOP OF THE 5TH |
|
Detroit Tigers batting - Pitching for Toronto Blue Jays : RHP Matt Altieri
|
|
Batting: RHB Chris Wheatley
|
0-0: Called Strike 0-1: Ground out 3-1 (Groundball, 34, EV 76.9 MPH)
|
|
Batting: RHB Danny Eberhart
|
0-0: Fly out, F8 (Flyball, 8RD, EV 89.4 MPH)
|
|
Batting: LHB Morgan Black
|
0-0: Swinging Strike 0-1: Swinging Strike 0-2: Strikes out swinging
|
| Top of the 5th over - 0 runs, 0 hits, 0 errors, 0 left on base; Detroit 3 - Toronto 3 |
| BOTTOM OF THE 5TH |
|
Toronto Blue Jays batting - Pitching for Detroit Tigers : LHP Momosuke Sato
|
|
Batting: RHB Ruben Velasco
|
0-0: Foul Ball, location: 2F 0-1: Ball 1-1: Ball 2-1: Foul Ball, location: 2F 2-2: Ball 3-2: SINGLE (Line Drive, 8RS, EV 105.6 MPH)
|
|
Batting: RHB Tommy Mize
|
0-0: Called Strike 0-1: Ball 1-1: Ball 2-1: Grounds into double play, 6-4-3 (Groundball, 6MS, EV 83.1 MPH)
|
|
Batting: SHB Zory Larikov
|
0-0: Fly out, F9 (Flyball, 89M, EV 88.1 MPH)
|
| Bottom of the 5th over - 0 runs, 1 hit, 0 errors, 0 left on base; Detroit 3 - Toronto 3 |
| TOP OF THE 6TH |
|
Detroit Tigers batting - Pitching for Toronto Blue Jays : RHP Matt Altieri
|
|
Batting: LHB Jordan Villa
|
0-0: Ball 1-0: Fly out, F2 (Popup, 5SF, EV 70.0 MPH)
|
|
Batting: RHB Randy Shrewsbury
|
0-0: Called Strike 0-1: Ground out 5-3 (Groundball, 5, EV 95.6 MPH)
|
|
Batting: LHB Tyler Davis
|
0-0: Ball 1-0: Foul Ball, location: 2F 1-1: Foul Ball, location: 2F 1-2: Ball 2-2: Ball 3-2: Foul Ball, location: 2F 3-2: Foul Ball, location: 2F 3-2: Strikes out looking
|
| Top of the 6th over - 0 runs, 0 hits, 0 errors, 0 left on base; Detroit 3 - Toronto 3 |
| BOTTOM OF THE 6TH |
|
Toronto Blue Jays batting - Pitching for Detroit Tigers : LHP Momosuke Sato
|
|
Pitching: RHP Bryce Cleavinger
|
|
|
Batting: RHB Kirk Arp
|
0-0: Ground out 6-3 (Groundball, 6, EV 88.8 MPH)
|
|
Batting: LHB Isto Mäyrä
|
0-0: Ball 1-0: Called Strike 1-1: Foul Ball, location: 2F 1-2: Ball 2-2: SINGLE (Line Drive, 78S, EV 105.0 MPH)
|
|
Batting: RHB Cole Zelinski
|
0-0: Ball 1-0: Ball 2-0: Ball 3-0: Called Strike 3-1: Fly out, F8 (Line Drive, 8RD, EV 101.9 MPH)
|
|
Batting: LHB Gabe White
|
0-0: Foul Ball, location: 2F 0-1: Swinging Strike 0-2: Ball Isto Mäyrä is caught stealing 2nd base 2-6
|
| Bottom of the 6th over - 0 runs, 1 hit, 0 errors, 0 left on base; Detroit 3 - Toronto 3 |
| TOP OF THE 7TH |
|
Detroit Tigers batting - Pitching for Toronto Blue Jays : RHP Matt Altieri
|
|
Batting: RHB Ryan Neal
|
0-0: Called Strike 0-1: Ball 1-1: Ball 2-1: Swinging Strike 2-2: Foul Ball, location: 2F 2-2: Strikes out swinging
|
|
Batting: RHB Victor Quinones
|
0-0: Ball 1-0: Called Strike 1-1: Ground out 4-3 (Groundball, 34, EV 106.3 MPH)
|
|
Batting: LHB Emmanuel Gaskin
|
0-0: Swinging Strike 0-1: Ball 1-1: Ball 2-1: Called Strike 2-2: Ball 3-2: Strikes out swinging, 2-3 out at first.
|
| Top of the 7th over - 0 runs, 0 hits, 0 errors, 0 left on base; Detroit 3 - Toronto 3 |
| BOTTOM OF THE 7TH |
|
Toronto Blue Jays batting - Pitching for Detroit Tigers : RHP Bryce Cleavinger
|
|
Pitching: RHP Andres de Leon
|
|
|
Batting: LHB Gabe White
|
0-0: Foul Ball, location: 2F 0-1: Foul Ball, location: 2F 0-2: Ball 1-2: Strikes out swinging
|
|
Batting: LHB Jon Schick
|
0-0: Called Strike 0-1: Called Strike 0-2: Foul Ball, location: 2F 0-2: Foul Ball, location: 2F 0-2: Strikes out swinging
|
|
Batting: SHB Dylan Novakowski
|
0-0: Ball 1-0: Ball 2-0: Ball 3-0: Base on Balls
|
|
Batting: RHB Ruben Velasco
|
0-0: Ball 1-0: Called Strike 1-1: Swinging Strike 1-2: Ball 2-2: Ball 3-2: Foul Ball, location: 2F 3-2: Base on Balls Dylan Novakowski to second
|
|
Batting: RHB Tommy Mize
|
0-0: Ground out 4-3 (Groundball, 4, EV 88.8 MPH)
|
| Bottom of the 7th over - 0 runs, 0 hits, 0 errors, 2 left on base; Detroit 3 - Toronto 3 |
| TOP OF THE 8TH |
|
Detroit Tigers batting - Pitching for Toronto Blue Jays : RHP Matt Altieri
|
|
Batting: RHB Chris Wheatley
|
0-0: Foul Ball, location: 2F 0-1: Ball 1-1: Foul Ball, location: 2F 1-2: Strikes out looking
|
|
Batting: RHB Danny Eberhart
|
0-0: SINGLE (Line Drive, 9S, EV 108.1 MPH)
|
|
Batting: LHB Morgan Black
|
0-0: Fielders Choice at 2nd, 6-4 (Groundball, 56, EV 84.4 MPH)
|
|
Batting: LHB Jordan Villa
|
0-0: Ball 1-0: Called Strike 1-1: Ball 2-1: Ball 3-1: Swinging Strike 3-2: Ground out 4-3 (Groundball, 4, EV 103.1 MPH)
|
| Top of the 8th over - 0 runs, 1 hit, 0 errors, 1 left on base; Detroit 3 - Toronto 3 |
| BOTTOM OF THE 8TH |
|
Toronto Blue Jays batting - Pitching for Detroit Tigers : RHP Andres de Leon
|
|
Pitching: RHP Chris Haselhorst
|
|
|
Batting: SHB Zory Larikov
|
0-0: Ball 1-0: Ball 2-0: Ball 3-0: Base on Balls
|
|
Batting: RHB Kirk Arp
|
0-0: Ball Zory Larikov steals 2nd base 1-0: Called Strike 1-1: Ball 2-1: Ball 3-1: Foul Ball, location: 2F 3-2: Ground out 1-3 (Groundball, 15S, EV 64.4 MPH)
|
|
Batting: LHB Isto Mäyrä
|
0-0: Ground out 4-3 (Groundball, 4, EV 80.0 MPH) Zory Larikov to third
|
|
Batting: RHB Cole Zelinski
|
0-0: Fly out, F8 (Flyball, 8RS, EV 78.8 MPH)
|
| Bottom of the 8th over - 0 runs, 0 hits, 0 errors, 1 left on base; Detroit 3 - Toronto 3 |
| TOP OF THE 9TH |
|
Detroit Tigers batting - Pitching for Toronto Blue Jays : RHP Matt Altieri
|
|
Batting: RHB Randy Shrewsbury
|
0-0: SINGLE (Line Drive, 7S, EV 90.6 MPH)
|
|
Batting: LHB Tyler Davis
|
0-0: Fly out, F9 (Flyball, 9LS, EV 87.5 MPH)
|
|
Batting: RHB Ryan Neal
|
0-0: Ball Randy Shrewsbury is caught stealing 2nd base 2-4 1-0: Called Strike 1-1: Called Strike 1-2: Ball 2-2: Ball 3-2: Ground out 4-3 (Groundball, 4, EV 102.5 MPH)
|
| Top of the 9th over - 0 runs, 1 hit, 0 errors, 0 left on base; Detroit 3 - Toronto 3 |
| BOTTOM OF THE 9TH |
|
Toronto Blue Jays batting - Pitching for Detroit Tigers : RHP Chris Haselhorst
|
|
Pitching: RHP Steve McGaughey
|
|
|
Batting: LHB Gabe White
|
0-0: Foul Ball, location: 2F 0-1: Called Strike 0-2: Reached on error, E4 (Groundball, 34, EV 75.6 MPH)
|
|
Batting: LHB Jon Schick
|
0-0: Intentional Walk
|
|
Batting: SHB Dylan Novakowski
|
0-0: Called Strike 0-1: Foul Ball, location: 2F 0-2: Ball 1-2: Foul Ball, location: 2F 1-2: Grounds into double play, 4-6-3 (Groundball, 34, EV 83.8 MPH) Gabe White to third
|
|
Batting: RHB Ruben Velasco
|
0-0: Intentional Walk
|
|
Pinch Hitting: LHB Jesus Romero
|
0-0: Ball 1-0: Called Strike 1-1: Ball 2-1: Fly out, F8 (Line Drive, 8RM, EV 85.6 MPH)
|
| Bottom of the 9th over - 0 runs, 0 hits, 1 error, 2 left on base; Detroit 3 - Toronto 3 |
| TOP OF THE 10TH |
|
Detroit Tigers batting - Pitching for Toronto Blue Jays : RHP Matt Altieri
|
|
Pitching: LHP Tim Franco
|
|
|
Now at 3B: Jerry Jauregui
|
|
|
Batting: RHB Victor Quinones
|
0-0: Foul Ball, location: 2F 0-1: Ball 1-1: Fly out, F3 (Popup, 3DF, EV 55.6 MPH)
|
|
Pinch Hitting: RHB Greg Harman
|
0-0: Foul Ball, location: 2F 0-1: Ball 1-1: Ball 2-1: Ball 3-1: Base on Balls
|
|
Batting: RHB Chris Wheatley
|
0-0: Foul Ball, location: 2F 0-1: Ball 1-1: Ball 2-1: Ball 3-1: Foul Ball, location: 2F 3-2: Foul Ball, location: 2F 3-2: Base on Balls Greg Harman to second
|
|
Batting: RHB Danny Eberhart
|
0-0: Foul Ball, location: 2F 0-1: Swinging Strike 0-2: Ball 1-2: Foul Ball, location: 2F 1-2: Strikes out swinging
|
|
Pinch Hitting: RHB Dave Reynolds
|
0-0: Swinging Strike 0-1: Foul Ball, location: 2F 0-2: Foul Ball, location: 2F 0-2: Strikes out swinging
|
| Top of the 10th over - 0 runs, 0 hits, 0 errors, 2 left on base; Detroit 3 - Toronto 3 |
| BOTTOM OF THE 10TH |
|
Toronto Blue Jays batting - Pitching for Detroit Tigers : RHP Steve McGaughey
|
|
Now at C: Brad Turner
|
|
|
Now in LF: Jordan Villa
|
|
|
Now in RF: Luke Feeney
|
|
|
Batting: SHB Zory Larikov
|
0-0: Called Strike 0-1: Ball 1-1: Ball 2-1: Fly out, F8 (Flyball, 89D, EV 91.9 MPH)
|
|
Batting: RHB Kirk Arp
|
0-0: Foul Ball, location: 2F 0-1: Ball 1-1: Ball 2-1: SINGLE (Groundball, 4MD, EV 100.6 MPH)
|
|
Batting: LHB Isto Mäyrä
|
0-0: Ball Kirk Arp is caught stealing 2nd base 2-6 1-0: Ball 2-0: Ball 3-0: Base on Balls
|
|
Batting: RHB Cole Zelinski
|
0-0: Ball 1-0: Called Strike 1-1: Ball 2-1: Ground out 5-3 (Groundball, 56S, EV 83.1 MPH)
|
| Bottom of the 10th over - 0 runs, 1 hit, 0 errors, 1 left on base; Detroit 3 - Toronto 3 |
| TOP OF THE 11TH |
|
Detroit Tigers batting - Pitching for Toronto Blue Jays : LHP Tim Franco
|
|
Batting: LHB Jordan Villa
|
0-0: Called Strike 0-1: Ball 1-1: Foul Ball, location: 2F 1-2: Ball 2-2: Foul Ball, location: 2F 2-2: Strikes out looking
|
|
Batting: RHB Randy Shrewsbury
|
0-0: Called Strike 0-1: Ground out U3 (Groundball, 3S, EV 65.0 MPH)
|
|
Batting: LHB Tyler Davis
|
0-0: Ball 1-0: Fly out, F8 (Flyball, 8LXD, EV 88.8 MPH)
|
| Top of the 11th over - 0 runs, 0 hits, 0 errors, 0 left on base; Detroit 3 - Toronto 3 |
| BOTTOM OF THE 11TH |
|
Toronto Blue Jays batting - Pitching for Detroit Tigers : RHP Steve McGaughey
|
|
Pitching: RHP Jason Williams
|
|
|
Batting: LHB Gabe White
|
0-0: Ball 1-0: Ground out U3 (Groundball, 34S, EV 82.5 MPH)
|
|
Batting: LHB Jon Schick
|
0-0: Ground out U3 (Groundball, 3, EV 91.9 MPH)
|
|
Batting: SHB Dylan Novakowski
|
0-0: Foul Ball, location: 2F 0-1: Swinging Strike 0-2: Foul Ball, location: 2F 0-2: Strikes out swinging
|
| Bottom of the 11th over - 0 runs, 0 hits, 0 errors, 0 left on base; Detroit 3 - Toronto 3 |
| TOP OF THE 12TH |
|
Detroit Tigers batting - Pitching for Toronto Blue Jays : LHP Tim Franco
|
|
Batting: RHB Ryan Neal
|
0-0: Called Strike 0-1: Ball 1-1: Called Strike 1-2: Foul Ball, location: 2F 1-2: Ball 2-2: Foul Ball, location: 2F 2-2: Strikes out swinging, 2-3 out at first.
|
|
Batting: RHB Victor Quinones
|
0-0: Called Strike 0-1: Ball 1-1: Ball 2-1: Called Strike 2-2: Foul Ball, location: 2F 2-2: Strikes out swinging
|
|
Batting: LHB Brad Turner
|
0-0: Called Strike 0-1: Ball 1-1: Ball 2-1: Called Strike 2-2: Foul Ball, location: 2F 2-2: Strikes out swinging
|
| Top of the 12th over - 0 runs, 0 hits, 0 errors, 0 left on base; Detroit 3 - Toronto 3 |
| BOTTOM OF THE 12TH |
|
Toronto Blue Jays batting - Pitching for Detroit Tigers : RHP Jason Williams
|
|
Batting: RHB Ruben Velasco
|
0-0: Foul Ball, location: 2F 0-1: Foul Ball, location: 2F 0-2: Strikes out swinging
|
|
Batting: RHB Jerry Jauregui
|
0-0: Ball 1-0: Reached on error, E6 (Groundball, 6M, EV 86.3 MPH)
|
|
Batting: SHB Zory Larikov
|
0-0: Intentional Walk
|
|
Batting: RHB Kirk Arp
|
0-0: Called Strike 0-1: Called Strike 0-2: Grounds into double play, 6-4-3 (Groundball, 6, EV 83.1 MPH)
|
| Bottom of the 12th over - 0 runs, 0 hits, 1 error, 1 left on base; Detroit 3 - Toronto 3 |
| TOP OF THE 13TH |
|
Detroit Tigers batting - Pitching for Toronto Blue Jays : LHP Tim Franco
|
|
Pitching: RHP Mike Pedigo
|
|
|
Batting: RHB Chris Wheatley
|
0-0: SINGLE (Groundball, 25, EV 75.0 MPH) (infield hit)
|
|
Batting: RHB Danny Eberhart
|
0-0: Ball 1-0: Ball 2-0: Called Strike 2-1: Swinging Strike 2-2: Foul Ball, location: 2F 2-2: Foul Ball, location: 2F 2-2: Foul Ball, location: 2F 2-2: Foul Ball, location: 2F 2-2: Foul Ball, location: 2F 2-2: Ball 3-2: Foul Ball, location: 2F 3-2: Foul Ball, location: 2F 3-2: Foul Ball, location: 2F 3-2: Base on Balls Chris Wheatley to second
|
|
Batting: RHB Luke Feeney
|
0-0: Ball 1-0: Foul Ball, location: 2F 1-1: Foul Ball, location: 2F 1-2: Ball 2-2: Strikes out looking
|
|
Batting: LHB Jordan Villa
|
0-0: Ball 1-0: Foul Ball, location: 2F 1-1: Ball 2-1: Swinging Strike 2-2: Ball 3-2: Ground out 3-1 (Groundball, 34, EV 97.5 MPH) Chris Wheatley to third Danny Eberhart to second
|
|
Batting: RHB Randy Shrewsbury
|
0-0: Called Strike 0-1: Ball 1-1: Foul Ball, location: 2F 1-2: Foul Ball, location: 2F 1-2: Ball 2-2: Ground out 4-3 (Groundball, 4, EV 108.8 MPH)
|
| Top of the 13th over - 0 runs, 1 hit, 0 errors, 2 left on base; Detroit 3 - Toronto 3 |
| BOTTOM OF THE 13TH |
|
Toronto Blue Jays batting - Pitching for Detroit Tigers : RHP Jason Williams
|
|
Batting: LHB Isto Mäyrä
|
0-0: Called Strike 0-1: Called Strike 0-2: Strikes out swinging
|
|
Batting: RHB Cole Zelinski
|
0-0: Foul Ball, location: 2F 0-1: Ground out 5-3 (Groundball, 56, EV 90.6 MPH)
|
|
Batting: LHB Gabe White
|
0-0: Ball 1-0: Called Strike 1-1: Fly out, F9 (Flyball, 9, EV 74.4 MPH)
|
| Bottom of the 13th over - 0 runs, 0 hits, 0 errors, 0 left on base; Detroit 3 - Toronto 3 |
| TOP OF THE 14TH |
|
Detroit Tigers batting - Pitching for Toronto Blue Jays : RHP Mike Pedigo
|
|
Batting: LHB Tyler Davis
|
0-0: Called Strike 0-1: Foul Ball, location: 2F 0-2: Ball 1-2: Strikes out swinging
|
|
Batting: RHB Ryan Neal
|
0-0: Ball 1-0: Ball 2-0: DOUBLE (Flyball, 8RXD, EV 102.5 MPH)
|
|
Batting: RHB Victor Quinones
|
0-0: Foul Ball, location: 2F 0-1: Foul Ball, location: 2F 0-2: Ball 1-2: Fly out, F8 (Flyball, 8RXD, EV 83.8 MPH) Runner from 2nd tags up, SAFE at 3rd, no throw by CF
|
|
Batting: LHB Brad Turner
|
0-0: Intentional Walk
|
|
Batting: RHB Chris Wheatley
|
0-0: Called Strike 0-1: Swinging Strike 0-2: Ball 1-2: Strikes out swinging
|
| Top of the 14th over - 0 runs, 1 hit, 0 errors, 2 left on base; Detroit 3 - Toronto 3 |
| BOTTOM OF THE 14TH |
|
Toronto Blue Jays batting - Pitching for Detroit Tigers : RHP Jason Williams
|
|
Batting: LHB Jon Schick
|
0-0: Foul Ball, location: 2F 0-1: Swinging Strike 0-2: Ball 1-2: Ball 2-2: Fly out, F9 (Flyball, 9S, EV 90.6 MPH)
|
|
Batting: SHB Dylan Novakowski
|
0-0: Ball 1-0: Called Strike 1-1: Ball 2-1: Ball 3-1: Foul Ball, location: 2F 3-2: Foul Ball, location: 2F 3-2: Foul Ball, location: 2F 3-2: DOUBLE (Line Drive, 89D, EV 111.3 MPH)
|
|
Batting: RHB Ruben Velasco
|
0-0: Intentional Walk
|
|
Batting: RHB Jerry Jauregui
|
0-0: Ball 1-0: Grounds into double play, 4-6-3 (Groundball, 13, EV 80.6 MPH)
|
| Bottom of the 14th over - 0 runs, 1 hit, 0 errors, 1 left on base; Detroit 3 - Toronto 3 |
| TOP OF THE 15TH |
|
Detroit Tigers batting - Pitching for Toronto Blue Jays : RHP Mike Pedigo
|
|
Batting: RHB Danny Eberhart
|
0-0: Ball 1-0: Ground out 6-3 (Groundball, 6, EV 106.9 MPH)
|
|
Batting: RHB Luke Feeney
|
0-0: Ball 1-0: Foul Ball, location: 2F 1-1: Foul Ball, location: 2F 1-2: Foul Ball, location: 2F 1-2: Foul Ball, location: 2F 1-2: Strikes out looking
|
|
Batting: LHB Jordan Villa
|
0-0: Called Strike 0-1: Swinging Strike 0-2: Ground out 6-3 (Groundball, 4M, EV 89.4 MPH)
|
| Top of the 15th over - 0 runs, 0 hits, 0 errors, 0 left on base; Detroit 3 - Toronto 3 |
| BOTTOM OF THE 15TH |
|
Toronto Blue Jays batting - Pitching for Detroit Tigers : RHP Jason Williams
|
|
Batting: SHB Zory Larikov
|
0-0: Foul Ball, location: 2F 0-1: Ball 1-1: Ball 2-1: Ball 3-1: Base on Balls
|
|
Batting: RHB Kirk Arp
|
0-0: Called Strike 0-1: Ball Zory Larikov is caught stealing 2nd base 2-4 1-1: Foul Ball, location: 2F 1-2: SINGLE (Line Drive, 9S, EV 105.0 MPH)
|
|
Batting: LHB Isto Mäyrä
|
0-0: Ball 1-0: Called Strike 1-1: Ball Kirk Arp is caught stealing 2nd base 2-6 2-1: Foul Ball, location: 2F 2-2: Foul Ball, location: 2F 2-2: Ball 3-2: Foul Ball, location: 2F 3-2: Base on Balls
|
|
Pitching: RHP Eric Putnam
|
|
|
Batting: RHB Cole Zelinski
|
0-0: Called Strike 0-1: Fly out, F9 (Line Drive, 9D, EV 91.3 MPH)
|
| Bottom of the 15th over - 0 runs, 1 hit, 0 errors, 1 left on base; Detroit 3 - Toronto 3 |
| TOP OF THE 16TH |
|
Detroit Tigers batting - Pitching for Toronto Blue Jays : RHP Mike Pedigo
|
|
Batting: RHB Randy Shrewsbury
|
0-0: Ball 1-0: Ball 2-0: SOLO HOME RUN (Flyball, 9D, EV 94.4 MPH), Distance : 377 ft
|
|
Batting: LHB Tyler Davis
|
0-0: Called Strike 0-1: Foul Ball, location: 2F 0-2: Foul Ball, location: 2F 0-2: Ball 1-2: Ball 2-2: Ball 3-2: DOUBLE (Flyball, 8RXD, EV 110.6 MPH)
|
|
Pitching: RHP John Mathis
|
|
|
Batting: RHB Ryan Neal
|
0-0: Ball 1-0: Ground out 5-3 (Groundball, 56, EV 81.9 MPH)
|
|
Batting: RHB Victor Quinones
|
0-0: Ball 1-0: Ball 2-0: Foul Ball, location: 2F 2-1: Foul Ball, location: 2F 2-2: Foul Ball, location: 2F 2-2: Hit by Pitch
|
|
Batting: LHB Brad Turner
|
0-0: Ball 1-0: Foul Ball, location: 2F 1-1: 3-RUN HOME RUN (Flyball, 7D, EV 95.6 MPH), Distance : 366 ft
|
|
Batting: RHB Chris Wheatley
|
0-0: Ball 1-0: Ground out 4-3 (Groundball, 34, EV 104.4 MPH)
|
|
Batting: RHB Danny Eberhart
|
0-0: Called Strike 0-1: Ball 1-1: Foul Ball, location: 2F 1-2: Strikes out looking
|
| Top of the 16th over - 4 runs, 3 hits, 0 errors, 0 left on base; Detroit 7 - Toronto 3 |
| BOTTOM OF THE 16TH |
|
Toronto Blue Jays batting - Pitching for Detroit Tigers : RHP Eric Putnam
|
|
Batting: LHB Gabe White
|
0-0: Ball 1-0: Foul Ball, location: 2F 1-1: Ball 2-1: Ball 3-1: Called Strike 3-2: Foul Ball, location: 2F 3-2: Foul Ball, location: 2F 3-2: Foul Ball, location: 2F 3-2: Foul Ball, location: 2F 3-2: Base on Balls
|
|
Batting: LHB Jon Schick
|
0-0: Called Strike 0-1: Called Strike 0-2: Ball 1-2: Grounds into double play, 4-6-3 (Groundball, 4, EV 88.8 MPH)
|
|
Batting: SHB Dylan Novakowski
|
0-0: Called Strike 0-1: Called Strike 0-2: Strikes out looking
|
| Bottom of the 16th over - 0 runs, 0 hits, 0 errors, 0 left on base; Detroit 7 - Toronto 3 |
|